[Event "*** Titled Tuesday Blitz"]
[Site "Chess.com"]
[Date "2019.10.01"]
[Round "2"]
[White "Nbk90"]
[Black "MendozaDavid2000"]
[Result "1-0"]
[WhiteElo "2494"]
[BlackElo "2239"]
[TimeControl "180+2"]
[EndTime "13:21:34 PDT"]
[Termination "Nbk90 won on time"]

1. d4 Nf6 2. c4 g6 3. Nf3 Bg7 4. g3 d6 5. Bg2 O-O 6. O-O Nbd7 7.
Qc2 c6 8. Rd1 Qc7 9. Nc3 e5 10.
d5 cxd5 11. cxd5 a5 12. e4 b6 13. Bf1 Nc5 14. Be3 Ncxe4 15. Rac1 Nxc3 16. Qxc3 Qxc3 17. Rxc3 Bg4 18. Be2 e4 19. Nd4 Bxe2 20. Nxe2 Ng4 21. Bd4 Ne5 22. Kg2 b5 23. Rc7 Rfc8 24. Rdc1 Rxc7 25.
Rxc7 Nc4 26. Bxg7 Kxg7 27. b3 Ne5 28. Nc3 a4 29. Nxe4 axb3 30. axb3 Ra3 31. Nxd6 Rxb3 32. f4 Rb2+ 33. Kf1 Nf3 34. Nxf7 Nxh2+ 35. Ke1 Nf3+ 36. Kd1 Rd2+ 37. Kc1 Kf6 38. d6 b4 39. d7 1-0

[Event "*** Titled Tuesday Blitz"]
[Site "Chess.com"]
[Date "2019.10.01"]
[Round "2"]
[White "Hrant_ChessMood"]
[Black "SoltaniciR"]
[Result "1-0"]
[WhiteElo "2869"]
[BlackElo "2577"]
[TimeControl "180+2"]
[EndTime "13:21:42 PDT"]
[Termination "Hrant_ChessMood won by resignation"]

1. d4 Nf6 2. c4 Nc6 3. Nf3 e6 4. g3 Bb4+ 5. Bd2 Qe7 6. b3 Bxd2+ 7. Qxd2 d6 8. Nc3 O-O 9. Bg2 e5 10. O-O Bg4 11. d5 Nb8 12. h3 Bxf3 13. exf3 a5 14. Rfe1 Qd7 15. f4 exf4 16. Qxf4 Na6 17. Re3 Rfe8 18.
Ne4 Nxe4 19. Bxe4 Re5 20. Rae1 Rae8 21. a3 g6 22. h4 f5 23. Bc2 Qg7 24. Kg2 b6 25. h5 Rxe3 26. Rxe3 Re5 27. h6 Qe7 28. Rxe5 dxe5 29. Qe3 e4 30. Qd4 Nc5 31. b4 axb4 32.
axb4 Nd7 33. Ba4 Ne5 34. c5 bxc5 35. bxc5 Qf6 36. d6 cxd6 37. cxd6 f4 38. d7 f3+ 39. Kg1 Nxd7 40. Qxd7 Qa1+ 41. Bd1 1-0

[Event "*** Titled Tuesday Blitz"]
[Site "Chess.com"]
[Date "2019.10.01"]
[Round "2"]
[White "hansen"]
[Black "Mikhail_Golubev"]
[Result "1-0"]
[WhiteElo "2789"]
[BlackElo "2490"]
[TimeControl "180+2"]
[EndTime "13:21:42 PDT"]
[Termination "hansen won on time"]

1. e4 c5 2. Nf3 d6 3. d4 Nf6 4. Nc3 cxd4 5. Nxd4 g6 6. Be3 Bg7 7. f3 O-O 8. Qd2 Nc6 9. O-O-O d5 10. Qe1 e5 11. Nxc6 bxc6 12. exd5 Nxd5 13. Bc4 Be6 14.
Bb3 Qc7 15. h4 Nxe3 16. Qxe3 Bxb3 17. axb3 f5 18. h5 Rad8 19. hxg6 hxg6 20. Qc5 Rd4 21. Rxd4 exd4 22. Nd5 Qd7 23. Ne7+ Kf7 24. Nxc6 Re8 25. b4 d3 26. Qc4+ Re6 27. b5 Bh6+ 28. Kb1 d2 29.
Ne5+ Ke7 30. Nd3 Re1+ 31. Rxe1+ dxe1=Q+ 32. Nxe1 Qd1+ 33. Ka2 Qxe1 34. Qc5+ Kd7 35. Qxa7+ Kd6 36. Qd4+ Kc7 37. Qc5+ Kb8 38. Qb6+ Ka8 39. c4 1-0

[Event "*** Titled Tuesday Blitz"]
[Site "Chess.com"]
[Date "2019.10.01"]
[Round "2"]
[White "Torrentec"]
[Black "Dhaydon19"]
[Result "0-1"]
[WhiteElo "2334"]
[BlackElo "2696"]
[TimeControl "180+2"]
[EndTime "13:21:42 PDT"]
[Termination "Dhaydon19 won by resignation"]

1. e4 c6 2. d4 d5 3. exd5 cxd5 4. h3 Nf6 5. Nf3 Nc6 6. Bd3 g6 7. O-O Bg7 8. Re1 O-O 9. Bf4 Bf5 10. Bxf5 gxf5 11. Ne5 e6 12. c3 Nd7 13. Qh5 Ndxe5 14. dxe5 f6 15. exf6 Qxf6 16. Nd2 e5 17. Bh2 Qg6 18. Qf3 e4 19. Qg3 d4 20. Qxg6 hxg6 21. cxd4 Nxd4 22. Rac1 Rac8 23. Kf1 Bh6 24. Rxc8 Rxc8 25.
Nb3 Nxb3 26. axb3 Bg7 27. Rd1 Bxb2 28. Rd7 Rc1+ 29. Ke2 Rc2+ 30. Kf1 b5 31. Bf4 a5 32.
h4 a4 33. bxa4 bxa4 34. Ra7 a3 35. Bd6 Bd4 36. Ra8+ Kf7 37. Bxa3 Rxf2+ 38. Ke1 Rxg2 39.
Rf8+ Kg7 40. Rd8 Bf6 41. Rd7+ Kh6 42. Bc1+ Kh5 43. Rh7+ Kg4 44. Kf1 Rc2 45. Be3 Bxh4 46. Rg7 g5 47. Rg8 f4 48. Ba7 Kf3 49. Kg1 Rc1+ 50. Kh2 Bg3+ 0-1

[Event "*** Titled Tuesday Blitz"]
[Site "Chess.com"]
[Date "2019.10.01"]
[Round "2"]
[White "Sjakkerntobi"]
[Black "DanielNaroditsky"]
[Result "0-1"]
[WhiteElo "2038"]
[BlackElo "3018"]
[TimeControl "180+2"]
[EndTime "13:21:44 PDT"]
[Termination "DanielNaroditsky won by resignation"]

1. e4 g6 2. Nf3 Bg7 3. d4 d6 4.
Nc3 Nf6 5. h3 O-O 6. Be2 Nc6 7.
O-O e5 8. dxe5 dxe5 9. Qxd8 Rxd8 10. Bg5 Be6 11. Rad1 h6 12. Bxf6 Bxf6 13. Nd5 Bxd5 14. exd5 Ne7 15. Bc4 Nf5 16. Rfe1 Nd6 17. Bb3 e4 18. Nd4 Re8 19. c4 b6 20. Ba4 Re5 21. Nc6 Rf5 22. Bb3 Re8 23. Nd4 Bxd4 24. Rxd4 Rfe5 25. Bc2 Kg7 26. b4 f5 27. Ba4 Rd8 28.
Red1 f4 29. c5 Nf5 30. R4d2 e3 31. fxe3 Nxe3 32. Rc1 Rexd5 33. Rxd5 Rxd5 34. cxb6 cxb6 35. Kf2 Rd2+ 36. Kf3 Rxa2 37. Bb3 Rb2 38. Rc7+ Kf6 39. Rc6+ Ke5 40. Bf7 Nxg2 41. Rc7 Nh4+ 42. Kg4 g5 43. Rxa7 f3 44. Bc4 Rxb4 45. Re7+ Kd6 46. Re6+ Kc5 47. Rxh6 Rxc4+ 48. Kxg5 f2 49. Rf6 b5 50. Rxf2 b4 51.
Kh5 b3 52. Rb2 Kb4 53. Rf2 Ka3 54. Rf8 b2 55. Ra8+ Ra4 56. Rb8 Rb4 57. Ra8+ Kb3 58. Rg8 b1=Q 59. Rg3+ Kc2 60. Kh6 Qc1+ 61. Kh7 Qf4 62. Kh8 Qxg3 0-1

[Event "*** Titled Tuesday Blitz"]
[Site "Chess.com"]
[Date "2019.10.01"]
[Round "2"]
[White "tteshan"]
[Black "GelmanAlexander"]
[Result "0-1"]
[WhiteElo "2247"]
[BlackElo "2500"]
[TimeControl "180+2"]
[EndTime "13:21:44 PDT"]
[Termination "GelmanAlexander won by resignation"]

1. e4 d5 2. exd5 Qxd5 3. Nc3 Qa5 4. d4 Nf6 5. Bc4 Nc6 6. Nf3 Bg4 7. Be3 O-O-O 8.
Bxf7 Nxd4 9. Bxd4 e5 10. Qe2 exd4 11. Be6+ Kb8 12. Bxg4 dxc3 13. b4 Bxb4 14. Be6 Rhe8 15. O-O Rd6 16. Rfe1 Rdxe6 17. Qxe6 Rxe6 18. Rxe6 a6 19. h3 Ba3 20. Re5 Qa4 21. Re2 Bb2 22.
Rd1 Qxa2 23. Rd8+ Ka7 24. Re7 Qb1+ 25. Kh2 Qxc2 26. Rxc7 Qxf2 27. Rdc8 Nd5 28. Rf7 Ne3 29. Rxg7 Nf1+ 30. Kh1 Ng3+ 31. Kh2 c2 32. Rxg3 c1=Q 33. Rxc1 Bxc1 34. Rg4 Be3 35. Re4 a5 36. Ne5 Bf4+ 0-1

[Event "*** Titled Tuesday Blitz"]
[Site "Chess.com"]
[Date "2019.10.01"]
[Round "2"]
[White "TrimitziosP7"]
[Black "parmupill123"]
[Result "1-0"]
[WhiteElo "2768"]
[BlackElo "2513"]
[TimeControl "180+2"]
[EndTime "13:21:48 PDT"]
[Termination "TrimitziosP7 won by checkmate"]

1. Nf3 e6 2. b3 b6 3. Bb2 Bb7 4. c4 Nf6 5. g3 Be7 6. Bg2 O-O 7.
O-O d5 8. d3 c5 9. e3 Nc6 10. Qe2 Qc7 11. Nc3 Rad8 12. Rfd1 Rd7 13. cxd5 Nxd5 14. Nxd5 Rxd5 15. d4 Rdd8 16. Rac1 Qb8 17.
dxc5 Bxc5 18. Ng5 h6 19. Ne4 Be7 20. Qg4 Ne5 21. Qf4 f6 22. Bxe5 fxe5 23. Qg4 Rf5 24.
Qg6 Bd5 25. Rxd5 exd5 26. Qxf5 dxe4 27. Bxe4 Bf6 28. Rc6 Rd1+ 29. Kg2 Qf8 30. Qh7+ Kf7 31. Rc7+ Ke6 32. Qf5+ Kd6 33. Qd7# 1-0

[Event "*** Titled Tuesday Blitz"]
[Site "Chess.com"]
[Date "2019.10.01"]
[Round "2"]
[White "I-Mesquita"]
[Black "mortngabriel"]
[Result "1-0"]
[WhiteElo "2639"]
[BlackElo "2324"]
[TimeControl "180+2"]
[EndTime "13:21:50 PDT"]
[Termination "I-Mesquita won on time"]

1. e4 c5 2. Nc3 Nc6 3. Nf3 g6 4. Bb5 Bg7 5. O-O e5 6. a3 Nge7 7. b4 d6 8. d3 O-O 9. Bc4 Nd4 10. h3 h6 11. Nxd4 cxd4 12. Ne2 d5 13. Bb3 dxe4 14. dxe4 Qd6 15. Bb2 Be6 16. c4 b6 17. Rc1 Kh7 18. c5 bxc5 19. Rxc5 Rac8 20. Ra5 Rc7 21. Nc1 f5 22.
exf5 Bxf5 23. Nd3 e4 24. Nc5 h5 25. Ra6 Qe5 26. Re1 Nd5 27. Nd3 Nc3 28. Bxc3 1-0

[Event "*** Titled Tuesday Blitz"]
[Site "Chess.com"]
[Date "2019.10.01"]
[Round "2"]
[White "NemtsevIgor"]
[Black "Blackmind96"]
[Result "0-1"]
[WhiteElo "2314"]
[BlackElo "2677"]
[TimeControl "180+2"]
[EndTime "13:21:53 PDT"]
[Termination "Blackmind96 won by resignation"]

1. d4 Nf6 2. Bf4 g6 3. e3 Bg7 4.
Nf3 O-O 5. Be2 d6 6. O-O c5 7. c3 cxd4 8. cxd4 Nc6 9. Nc3 b6 10. h3 Bb7 11. Qd2 Rc8 12. Rfc1 a6 13. a3 b5 14. b4 Nd7 15. Bg5 Nb6 16. e4 d5 17. e5 f6 18. Bh6 fxe5 19. Bxg7 Kxg7 20. dxe5 e6 21. a4 Nc4 22. Bxc4 bxc4 23. b5 Na5 24.
Nd4 Qe7 25. bxa6 Bxa6 26. Ncb5 Nc6 27. Nxc6 Rxc6 28. Nd4 Rb6 29. a5 Rb7 30. Rab1 Rfb8 31. Rxb7 Rxb7 32. Qc2 Rb4 33. Rb1 Bc8 34. a6 Rxb1+ 35.
Qxb1 Bxa6 36. Qb6 Bc8 37. Qc6 Qd7 38. Qc5 Bb7 39. f4 Kf7 40. Kh2 Qc8 41. Qd6 c3 42. f5 gxf5 43. Nf3 h6 44. Nd4 Ba6 45. Nc6 Qe8 46.
Qc7+ Kf8 47. Qd6+ Kg7 48. Qc7+ Qf7 49. Qa5 c2 50. Qd2 Qc7 51. Nd4 c1=Q 52. Nxe6+ Kh7 53. Qf2 Qxe5+ 0-1

[Event "*** Titled Tuesday Blitz"]
[Site "Chess.com"]
[Date "2019.10.01"]
[Round "2"]
[White "Svet99"]
[Black "patrisiii123"]
[Result "0-1"]
[WhiteElo "2171"]
[BlackElo "2463"]
[TimeControl "180+2"]
[EndTime "13:21:56 PDT"]
[Termination "patrisiii123 won on time"]

1. c4 c5 2. Nc3 Nc6 3. g3 g6 4. Bg2 Bg7 5. Nf3 d6 6. O-O Bf5 7. b3 Qd7 8. Re1 Bh3 9. Bh1 h5 10. Bb2 h4 11. e3 hxg3 12. fxg3 Bg4 13. Qe2 Qf5 14. Qf2 Nb4 15. d4 Nd3 16. Qe2 Nxe1 17. Rxe1 cxd4 18. Nd5 d3 19. Qf2 Bxb2 20. Qxb2 Bxf3 21.
Qxh8 O-O-O 22. Qc3 Bxh1 23. Kxh1 Qf2 24. Qa1 d2 25.
Rf1 Qe2 26. Qd1 Qd3 27. Rf2 e6 28. Nf4 Qxe3 29. Qxd2 Qe4+ 30. Kg1 Nh6 31. Re2 Qf5 32.
Nxe6 fxe6 33. Qxh6 Rf8 34. Qf4 Qb1+ 0-1

[Event "*** Titled Tuesday Blitz"]
[Site "Chess.com"]
[Date "2019.10.01"]
[Round "2"]
[White "ChessNetwork"]
[Black "Bad4life"]
[Result "0-1"]
[WhiteElo "2679"]
[BlackElo "2360"]
[TimeControl "180+2"]
[EndTime "13:21:59 PDT"]
[Termination "Bad4life won on time"]

1. d4 d5 2. c4 e6 3. Nf3 Nf6 4. Nc3 Bb4 5. Qa4+ Nc6 6. a3 Bxc3+ 7. bxc3 O-O 8. Bg5 a6 9. e3 h6 10. Bxf6 Qxf6 11. Qc2 Re8 12. Be2 dxc4 13. Bxc4 e5 14. O-O Bg4 15. Nd2 Rad8 16. Rfe1 exd4 17. cxd4 Kh8 18.
h3 Bf5 19. Bd3 Bxd3 20. Qxd3 Qh4 21. Nf3 Qh5 22. Qc4 Rd7 23. Rab1 f6 24. Rxb7 Na5 25. Qa4 Rxd4 26. Qxd4 Nxb7 27. Rc1 Nd6 28. Qa7 Qa5 29.
Qxc7 Qxa3 30. Rb1 Nb5 31. Qf7 Re7 32. Qf8+ Kh7 33. Rd1 Rd7 0-1

[Event "*** Titled Tuesday Blitz"]
[Site "Chess.com"]
[Date "2019.10.01"]
[Round "2"]
[White "mjray79"]
[Black "MasterKroket"]
[Result "1/2-1/2"]
[WhiteElo "2146"]
[BlackElo "2445"]
[TimeControl "180+2"]
[EndTime "13:22:01 PDT"]
[Termination "Game drawn by repetition"]

1. d4 Nf6 2. c4 e6 3. g3 Bb4+ 4. Bd2 Qe7 5. Nf3 O-O 6. Nc3 Nc6 7. Bg2 d6 8. O-O e5 9. Nd5 Nxd5 10. cxd5 Bxd2 11.
dxc6 Ba5 12. Qa4 Bb6 13. dxe5 dxe5 14. Nxe5 Qxe5 15. cxb7 Bxb7 16. Bxb7 Rab8 17. Bg2 Qxe2 18. Rab1 Rbd8 19. Qf4 Rd2 20. Rbe1 Qd3 21. Be4 Qd4 22. Qf5 g6 23. Qf4 Qxb2 24. Bc6 Qxa2 25. Re8 Rxe8 26.
Bxe8 Re2 27. Bb5 Rb2 28. Bc4 Rxf2 29. Rxf2 Bxf2+ 30. Kf1 Qb1+ 31. Kxf2 Qc2+ 32. Kf3 Qd1+ 33. Kg2 Qc2+ 34. Kf3 Qd1+ 35. Kg2 Qc2+ 36. Kf3 1/2-1/2

[Event "*** Titled Tuesday Blitz"]
[Site "Chess.com"]
[Date "2019.10.01"]
[Round "2"]
[White "51616516516"]
[Black "sergeikim"]
[Result "0-1"]
[WhiteElo "2235"]
[BlackElo "2490"]
[TimeControl "180+2"]
[EndTime "13:22:04 PDT"]
[Termination "sergeikim won on time"]

1. d4 Nf6 2. c4 g6 3. g3 Bg7 4.
Bg2 O-O 5. Nf3 d6 6. O-O Nbd7 7. Nc3 e5 8. e4 exd4 9. Nxd4 Re8 10. h3 Nc5 11.
Re1 c6 12. Qc2 a5 13. Be3 a4 14. b4 axb3 15. axb3 Rxa1 16. Rxa1 Nfd7 17. Rd1 Qb6 18. Rb1 Qb4 19. Na2 Qa3 20. b4 Ne6 21. Ne2 Ne5 22.
Kh2 h6 23. Bc1 Qd3 24. Qxd3 Nxd3 25. Be3 Ng5 26. Nac3 Ne5 27. c5 dxc5 28. Bxc5 Nef3+ 29. Bxf3 Nxf3+ 30. Kg2 Nd2 31. Rd1 Nc4 32. g4 f5 33. f3 fxg4 34. hxg4 Bf8 35. Kf2 Bg7 36. Na4 Be6 37. Nb6 Nxb6 38. Bxb6 Bf8 39. Nf4 Bf7 40. Bc5 Bg7 41. Rd7 b5 0-1

[Event "*** Titled Tuesday Blitz"]
[Site "Chess.com"]
[Date "2019.10.01"]
[Round "2"]
[White "j_coca"]
[Black "Oleg_Papayan"]
[Result "0-1"]
[WhiteElo "2086"]
[BlackElo "2428"]
[TimeControl "180+2"]
[EndTime "13:22:04 PDT"]
[Termination "Oleg_Papayan won by checkmate"]

1. f4 d5 2. Nf3 Bf5 3. e3 g6 4. d4 Bg7 5. Bd3 Bxd3 6. Qxd3 c6 7. O-O Nf6 8. Nbd2 O-O 9. c3 Nbd7 10. Ne5 e6 11. e4 dxe4 12. Nxe4 Nxe4 13. Qxe4 Nf6 14. Qf3 Qd5 15. Qh3 c5 16. dxc5 Qxc5+ 17. Be3 Qb5 18. Rf2 Nd5 19. c4 Nxf4 20. Bxf4 Qa5 21.
Ng4 h5 22. Ne3 Rfd8 23. Raf1 Rd3 24. Kh1 Qxa2 25. g4 hxg4 26. Qxg4 Qb3 27. Ng2 Qxc4 28. h3 a5 29. Be3 Qb3 30. Rxf7 Rxe3 31. Qxg6 Rxh3+ 32. Kg1 Qxb2 33. R7f3 Qd4+ 34. Ne3 Rh6 35.
Qf7+ Kh8 36. Kg2 a4 37. Qxb7 Rg6+ 38. Kh2 Be5+ 39. Kh3 Rh6+ 40. Kg2 Rg8+ 41. Kf2 Qd2# 0-1

[Event "*** Titled Tuesday Blitz"]
[Site "Chess.com"]
[Date "2019.10.01"]
[Round "2"]
[White "M1711"]
[Black "severomorskij"]
[Result "0-1"]
[WhiteElo "2538"]
[BlackElo "2838"]
[TimeControl "180+2"]
[EndTime "13:22:06 PDT"]
[Termination "severomorskij won on time"]

1. e4 c5 2. Nf3 Nc6 3. Nc3 Nf6 4.
Bb5 Qc7 5. O-O Nd4 6. Ba4 a6 7.
Nxd4 cxd4 8. Nd5 Nxd5 9. exd5 g6 10. d3 Bg7 11. Qf3 O-O 12. h4 e5 13. h5 d6 14. Bd2 Bd7 15. Bxd7 Qxd7 16. c4 f5 17. hxg6 hxg6 18. b4 Rae8 19. Qg3 Kf7 20. f3 Rh8 21. a4 Bf6 22. Qf2 f4 23. g4 Rh3 24.
Qe2 Reh8 25. Kf2 Rh2+ 26. Ke1 Rxe2+ 27. Kxe2 Rh2+ 28. Kd1 Bh4 29. Kc2 Bf2 30. Kb3 Be3 31. Be1 Qc8 32. b5 Qh8 33. Kb4 Qh3 0-1

[Event "*** Titled Tuesday Blitz"]
[Site "Chess.com"]
[Date "2019.10.01"]
[Round "2"]
[White "vovachesss"]
[Black "ExploringChess"]
[Result "0-1"]
[WhiteElo "2536"]
[BlackElo "2881"]
[TimeControl "180+2"]
[EndTime "13:22:06 PDT"]
[Termination "ExploringChess won by resignation"]

1. e4 e6 2. Qe2 e5 3. Nf3 Nc6 4.
g3 Bc5 5. Bg2 Nf6 6. O-O O-O 7. d3 h6 8. c3 a5 9. Be3 Bxe3 10. fxe3 d6 11. Nh4 Bg4 12. Qf2 Be6 13. Nd2 b5 14. Nf5 Bxf5 15. Qxf5 a4 16. a3 Ne7 17.
Qh3 Ng6 18. Rf5 Nh7 19. Raf1 Ng5 20. Qg4 Nh7 21. Nf3 Ne7 22. Nh4 Nxf5 23. Nxf5 Qg5 24. Qf3 g6 25. h4 Qd8 26. Nxh6+ Kg7 27. Ng4 Ra6 28. Nf2 c5 29. Bh3 Rb6 30. Kg2 b4 31. cxb4 cxb4 32. h5 Ng5 33. Qg4 bxa3 34. bxa3 Rb2 35.
Kg1 Rh8 36. hxg6 Rxf2 37. Kxf2 Nxh3+ 38. Ke2 fxg6 39. Qe6 Ng5 40. Qd5 Rh2+ 41. Kd1 Qb6 0-1

[Event "*** Titled Tuesday Blitz"]
[Site "Chess.com"]
[Date "2019.10.01"]
[Round "2"]
[White "12teen"]
[Black "LastHeroJr"]
[Result "0-1"]
[WhiteElo "2721"]
[BlackElo "2517"]
[TimeControl "180+2"]
[EndTime "13:22:10 PDT"]
[Termination "LastHeroJr won by checkmate"]

1. e4 e5 2. Nc3 Nf6 3. g3 Nc6 4. Bg2 Bc5 5. d3 a6 6. f4 exf4 7. gxf4 d5 8. h3 dxe4 9. dxe4 Qxd1+ 10. Kxd1 Be6 11. e5 O-O-O+ 12. Bd2 Be3 13. Nf3 Nh5 14.
Re1 Bxd2 15. Nxd2 Nxf4 16. Bxc6 bxc6 17. h4 Ng2 18. Re4 Bf5 19. Ra4 Ne3+ 20. Ke2 Nxc2 21. Rg1 Rhe8 22. Nf3 c5 23. Rxg7 Nd4+ 24. Kf2 Bg6 25.
Rxa6 Ne6 26. Rxg6 hxg6 27. Ne4 Kb7 28. Ra3 Ra8 29. Rb3+ Kc6 30. a3 Reb8 31. Rc3 Rxb2+ 32. Ke3 Ra2 33. Nd4+ Nxd4 34. Rxc5+ Kb6 35. Kxd4 R2xa3 36. Rc1 R8a4+ 37. Kd5 Rd3# 0-1

[Event "*** Titled Tuesday Blitz"]
[Site "Chess.com"]
[Date "2019.10.01"]
[Round "2"]
[White "Casablanca"]
[Black "Witik"]
[Result "0-1"]
[WhiteElo "2177"]
[BlackElo "2644"]
[TimeControl "180+2"]
[EndTime "13:22:10 PDT"]
[Termination "Witik won by resignation"]

1. d4 Nf6 2. Bg5 d5 3. e3 Ne4 4. Bf4 c5 5. Bd3 cxd4 6. exd4 Nc6 7. c3 Bf5 8. Ne2 e6 9. Ng3 Bg6 10. f3 Nf6 11. O-O Bd6 12. Bxd6 Qxd6 13. f4 O-O 14. f5 exf5 15. Nxf5 Qc7 16. Nd2 Rfe8 17. Qf3 Re6 18. Rae1 Rae8 19. Rxe6 Rxe6 20. Ng3 Qe7 21. Bxg6 hxg6 22.
Qf2 a6 23. Nb3 b6 24. Nc1 Na5 25. Nd3 Nc4 26. Re1 Rxe1+ 27. Nxe1 Nxb2 28. Nf3 Nc4 29. Qe2 Qa3 30. Qc2 Ng4 31. Ne2 Nge3 32. Qb1 b5 33. Qb3 f6 34. Qxa3 Nxa3 35. Kf2 Nac4 36. Nf4 g5 37.
Nd3 Nd1+ 38. Ke1 Nxc3 39. Nc5 a5 40. a3 Nxa3 41. Nd2 Nc2+ 0-1

[Event "*** Titled Tuesday Blitz"]
[Site "Chess.com"]
[Date "2019.10.01"]
[Round "2"]
[White "Zarikovs1999"]
[Black "chesstatour"]
[Result "1-0"]
[WhiteElo "2415"]
[BlackElo "2029"]
[TimeControl "180+2"]
[EndTime "13:22:12 PDT"]
[Termination "Zarikovs1999 won on time"]

1. e4 c6 2. d4 d5 3. Nc3 dxe4 4. Nxe4 Nf6 5. Ng3 h5 6. h4 Bg4 7. Be2 e6 8. c4 Qc7 9. Nf3 Nbd7 10. Be3 Bd6 11.
Nf1 Ne4 12. Qc2 Bb4+ 13. N1d2 Nxd2 14. Bxd2 Qa5 15. a3 Bxd2+ 16. Qxd2 Qxd2+ 17. Kxd2 O-O 18. Ke3 Rfe8 19. Ne5 Nxe5 20. dxe5 Bxe2 21. Kxe2 Red8 22. Rhd1 Kf8 23. Rd6 Rxd6 24. exd6 c5 25. b4 b6 26.
bxc5 bxc5 27. Rb1 Rd8 28. Rb5 Rxd6 29. Rxc5 Ra6 30. Rxh5 Rxa3 31. Rb5 g6 32. g3 Ke7 33. c5 a5 34. g4 Kf6 35. g5+ Ke5 36. Rb7 Kd5 37.
Rxf7 Kxc5 38. h5 gxh5 39. g6 Ra2+ 40. Ke3 Ra3+ 41. Ke2 Ra2+ 42. Kf1 Ra4 43. f3 Ra1+ 44. Kf2 Ra2+ 45. Kg3 Ra1 46. Kh4 1-0

[Event "*** Titled Tuesday Blitz"]
[Site "Chess.com"]
[Date "2019.10.01"]
[Round "2"]
[White "champ2005"]
[Black "kingofthenil"]
[Result "1/2-1/2"]
[WhiteElo "2816"]
[BlackElo "2542"]
[TimeControl "180+2"]
[EndTime "13:22:13 PDT"]
[Termination "Game drawn by repetition"]

1. Nf3 Nf6 2. c4 e6 3. g3 d5 4. d4 Be7 5. Bg2 O-O 6. O-O c6 7. b3 b6 8. Nbd2 Nbd7 9. Bb2 Bb7 10. Rc1 c5 11. dxc5 Nxc5 12. Ne5 dxc4 13. Bxb7 Nxb7 14.
Ndxc4 Rc8 15. Qxd8 Rfxd8 16. Rfd1 Kf8 17. Rxd8+ Bxd8 18. Rd1 Ke8 19. Bd4 Be7 20. Be3 Nd5 21. Bd2 f6 22. Nf3 e5 23. Kf1 Nb4 24. Bxb4 Bxb4 25. Ne3 Bc5 26. Nd5 Kf7 27. Nxb6 Bxb6 28. Rd7+ Kf8 29. Rxb7 Rc1+ 30. Kg2 Rc2 31. Kf1 Rxa2 32.
Nh4 Ra1+ 33. Kg2 Ra2 34. Kf1 Ra1+ 35. Kg2 Ra2 36. Kf1 1/2-1/2

[Event "*** Titled Tuesday Blitz"]
[Site "Chess.com"]
[Date "2019.10.01"]
[Round "2"]
[White "VerdeNotte"]
[Black "Stormeman100100"]
[Result "1-0"]
[WhiteElo "2781"]
[BlackElo "2415"]
[TimeControl "180+2"]
[EndTime "13:22:14 PDT"]
[Termination "VerdeNotte won by resignation"]

1. c4 e6 2. g3 d5 3. Bg2 Nf6 4. Nf3 Be7 5. O-O O-O 6. b3 b6 7. Bb2 Bb7 8. Nc3 c5 9. cxd5 exd5 10. d4 Nbd7 11. Nh4 Re8 12. dxc5 Nxc5 13. Nf5 Bf8 14.
Nb5 Ba6 15. a4 Nfe4 16. Qd4 f6 17. Rad1 Nxb3 18. Qxd5+ Qxd5 19. Rxd5 Nec5 20. Nc7 Bxe2 21. Nxa8 Bxf1 22. Kxf1 Rxa8 23. Rxc5 Nxc5 24. Bxa8 Nxa4 25. Bd5+ Kh8 26. Ba1 b5 27. Ke2 b4 28. Kd3 Nc5+ 29.
Kc4 a5 30. Kb5 b3 31. Kxa5 Nd3 32. Bxb3 Nxf2 33. Kb6 h5 34. Kc6 Kh7 35. Kd7 Ng4 36. h3 Ne5+ 37. Bxe5 fxe5 38. Bc2 Kg6 39. Ke6 Kg5 40. h4+ Kg4 41. Bd1+ Kh3 42. Bxh5 e4 43. Kd5 Bb4 44. Kxe4 Be1 45. Kf3 Ba5 46. Bg4+ Kh2 47. Nxg7 Bd8 48. Ne6 Be7 49. h5 Bd6 50. h6 Bxg3 51.
Nf4 1-0

[Event "*** Titled Tuesday Blitz"]
[Site "Chess.com"]
[Date "2019.10.01"]
[Round "2"]
[White "DonBroca"]
[Black "Tolya2"]
[Result "1-0"]
[WhiteElo "2088"]
[BlackElo "2404"]
[TimeControl "180+2"]
[EndTime "13:22:17 PDT"]
[Termination "DonBroca won by checkmate"]

1. e4 c5 2. Nf3 e6 3. d4 cxd4 4.
Nxd4 Nf6 5. Nc3 d6 6. g4 h6 7. h4 d5 8. e5 Nfd7 9. f4 Nc6 10. Be3 Nxd4 11. Bxd4 Bc5 12. Bb5 Qb6 13. Bxc5 Qxc5 14. Qd3 a6 15. Bxd7+ Bxd7 16. O-O-O Bb5 17. Qd4 Rc8 18.
Kb1 Qxd4 19. Rxd4 Rc5 20. a4 Bd7 21. Rh3 Ke7 22. Ne2 Rhc8 23. c3 Rc4 24. b3 R4c5 25. Kb2 b5 26. axb5 Bxb5 27. Ng1 Bf1 28. Rf3 Bg2 29. Rg3 Be4 30. h5 Rb8 31. Ka3 Rcb5 32. b4 a5 33. Nh3 axb4+ 34. Rxb4 Ra5+ 35. Kb3 Rba8 36. Rb7+ Ke8 37. g5 Ra3+ 38. Kb4 d4 39. gxh6 Bxb7 40. hxg7 R3a4+ 41. Kc5 Ke7 42. g8=Q Rxg8 43.
Rxg8 dxc3 44. h6 c2 45. Rg1 Be4 46. Ng5 Bf5 47. h7 Rxf4 48. h8=Q Rg4 49. Qf6+ Kd7 50. Qxf7+ Kc8 51. Qe8+ Kc7 52. Qc6+ Kd8 53. Kd6 Rd4+ 54. Kc5 Rd1 55. Qa8+ Ke7 56. Qa7+ Kd8 57. Nf7+ Ke8 58.
Rg8# 1-0

[Event "*** Titled Tuesday Blitz"]
[Site "Chess.com"]
[Date "2019.10.01"]
[Round "2"]
[White "eljanov"]
[Black "FMJoseHerrera"]
[Result "1-0"]
[WhiteElo "2794"]
[BlackElo "2516"]
[TimeControl "180+2"]
[EndTime "13:22:18 PDT"]
[Termination "eljanov won by resignation"]

1. Nf3 c5 2. c4 b6 3. d4 cxd4 4.
Nxd4 Bb7 5. f3 e6 6. Nc3 a6 7. e4 Qc7 8. Be3 d6 9. Be2 Nd7 10. O-O h5 11. Rc1 Ngf6 12. b4 Be7 13. Qe1 h4 14. Qf2 Rc8 15. Nb3 Bd8 16. a4 h3 17. g3 Ne5 18. a5 Qe7 19. axb6 Nxc4 20. Bxc4 Rxc4 21. b5 O-O 22. Na5 Rb4 23. Nc6 Bxc6 24.
bxc6 Rc4 25. Ne2 d5 26. Rxc4 dxc4 27. Bc5 Qe8 28. c7 Bxc7 29. bxc7 Qc6 30. Bxf8 Kxf8 31.
Qa7 Ne8 32. Rd1 Nxc7 33. Nc3 Ne8 34. Kf2 g5 35. Qd4 g4 36. fxg4 Qb7 37. g5 Kg8 38. g6 fxg6 39. Qd8 Qb2+ 40. Rd2 Qxc3 41. Qxe8+ Kh7 42.
Rd7+ Kh6 43. Qf8+ Kg5 44. Qf4+ 1-0

[Event "*** Titled Tuesday Blitz"]
[Site "Chess.com"]
[Date "2019.10.01"]
[Round "2"]
[White "Komissarov_alex"]
[Black "kasparicy"]
[Result "0-1"]
[WhiteElo "1901"]
[BlackElo "2406"]
[TimeControl "180+2"]
[EndTime "13:22:20 PDT"]
[Termination "kasparicy won on time"]

1. d4 Nf6 2. Nf3 g6 3. Nc3 d5 4.
Bf4 Bg7 5. e3 O-O 6. Be2 c5 7.
dxc5 b6 8. cxb6 Qxb6 9. O-O Bb7 10. Rb1 Na6 11. Be5 Rfd8 12. Bd4 Qa5 13. Qd2 Rac8 14. Rfd1 Nb4 15. a3 Nc6 16. Bxf6 Bxf6 17. Nxd5 Qxd2 18.
Nxf6+ exf6 19. Rxd2 Rxd2 20. Nxd2 Na5 21. Bd3 f5 22. b4 Nc6 23. Nb3 Ne5 24. Nc5 Bd5 25. Ba6 Rc7 26. Rd1 Ba2 27. f4 Ng4 28. Rd3 Bb1 29. Rc3 Re7 30. a4 Nxe3 31. b5 Nd5 32.
Rd3 Nxf4 33. Rd2 Ba2 34. c3 Bc4 35. g3 Nh3+ 36. Kg2 Ng5 37. h4 Ne4 38. Nxe4 fxe4 39.
Rd1 e3 0-1

[Event "*** Titled Tuesday Blitz"]
[Site "Chess.com"]
[Date "2019.10.01"]
[Round "2"]
[White "evgenyermolaev"]
[Black "FairChess_on_YouTube"]
[Result "0-1"]
[WhiteElo "2502"]
[BlackElo "2975"]
[TimeControl "180+2"]
[EndTime "13:22:22 PDT"]
[Termination "FairChess_on_YouTube won by resignation"]

1. e4 c5 2. Nf3 Nc6 3. Bb5 Nf6 4.
Nc3 g6 5. e5 Ng4 6. Qe2 Bg7 7.
Bxc6 dxc6 8. h3 Nh6 9. Ne4 b6 10.
Nf6+ Kf8 11. Ne4 f5 12. exf6 exf6 13. d3 Nf7 14. Bf4 g5 15. Be3 h6 16. O-O-O f5 17.
Nc3 f4 18. Bd2 Bf5 19. Ne4 Qd5 20. Kb1 c4 21. Bc3 Re8 22. Rhe1 Bxc3 23. bxc3 Kg7 24.
Nd4 Bg6 25. f3 cxd3 26. cxd3 c5 27. Nb3 Nd6 28. Qb2 Nf5 29. c4+ Qe5 30. d4 cxd4 31. Nxd4 Ne3 32. Rd3 Bxe4 33. fxe4 Kg6 34. Rexe3 fxe3 35.
Rxe3 Rhf8 36. Nf3 Qxb2+ 37. Kxb2 h5 38. e5 g4 39. hxg4 hxg4 40. Nd4 Rf2+ 41. Kb3 Rxg2 42. e6 Kf6 43. Re1 g3 44. Rf1+ Rf2 45. Rg1 g2 46. Kb4 Rg8 0-1